 Dungeon Crawl Stone Soup version bcrawl-1.12.2 (webtiles) character file.

Game seed: 1412873017427992796

62 Ebbett the Insei (level 4, -2/34 HPs)
             Began as a Gnoll Transmuter on July 22, 2019.
             Slain by a gnoll
             ... wielding a +0 spear
              (3 damage)
             ... on level 2 of the Dungeon.
             The game lasted 00:06:35 (1853 turns).

Ebbett the Insei (Gnoll Transmuter)                 Turns: 1853, Time: 00:06:35

Health: -2/34      AC:  2    Str: 13    XL:     4   Next: 8%
Magic:  11/11      EV: 15    Int: 15    God:
Gold:   104        SH:  0    Dex: 16    Spells: 12/13 levels left

rFire    . . .     SeeInvis .   i - +0 dagger
rCold    . . .     Gourm    .   (no shield)
rNeg     . . .     Faith    .   b - +0 robe
rPois    .         Spirit   .   (no helmet)
rElec    .         Reflect  .   (no cloak)
rCorr    .         Harm     .   (no gloves)
MR       .....                  (no boots)
Stlth    ++........             (no amulet)
HPRegen  0.11/turn              (no ring)
MPRegen  0.12/turn              (no ring)

@: no status effects
A: distributed training, fangs 1, strong nose
a: no special abilities


You were on level 2 of the Dungeon.
You were not hungry.

You visited 1 branch of the dungeon, and saw 2 of its levels.

You collected 104 gold pieces.

Inventory:

Hand Weapons
 h - a +0 club
 i - a +0 dagger (weapon)
Missiles
 a - 225 arrows (quivered)
Armour
 b - a +0 robe (worn)
Scrolls
 c - 3 scrolls of amnesia {unknown}
 e - 2 scrolls of remove curse {unknown}
 g - a scroll of magic mapping {unknown}
 j - a scroll of identify {unknown}
 l - a scroll of teleportation {unknown}
 o - a scroll of blinking {unknown}
Potions
 d - 2 potions of lignification
 k - a potion of heal wounds {unknown}
 m - a potion of degeneration {unknown}
Comestibles
 f - 3 rations {!d}
 n - a chunk of flesh


   Skills:
 + Level 2.7 Fighting
 + Level 1.0 Short Blades
 + Level 1.0 Long Blades
 + Level 1.0 Axes
 + Level 1.0 Maces & Flails
 + Level 1.0 Polearms
 + Level 1.0 Staves
 + Level 1.0 Slings
 + Level 1.0 Bows
 + Level 1.0 Crossbows
 + Level 1.0 Throwing
 + Level 1.0 Armour
 + Level 4.6 Dodging
 + Level 1.0 Stealth
 + Level 1.0 Shields
 + Level 6.5 Unarmed Combat
 + Level 5.0 Spellcasting
 + Level 0.7 Conjurations
 + Level 0.7 Hexes
 + Level 0.7 Charms
 + Level 0.7 Summonings
 + Level 0.7 Necromancy
 + Level 0.7 Translocations
 + Level 3.8 Transmutations
 + Level 0.7 Fire Magic
 + Level 0.7 Ice Magic
 + Level 0.7 Air Magic
 + Level 0.7 Earth Magic
 + Level 0.7 Poison Magic
 + Level 1.1 Invocations
 + Level 1.0 Evocations


You had 12 spell levels left.
You knew the following spells:

 Your Spells              Type           Power        Failure   Level  Hunger
a - Beastly Appendage     Tmut           ###...       3%          1    None

Your spell library contained the following spells:

 Spells                   Type           Power        Failure   Level  Hunger
 Sticks to Snakes         Tmut           ###.....     4%          2    ##.....
 Spider Form              Tmut/Pois      ##.          19%         3    ###....
 Ice Form                 Ice/Tmut       ##......     54%         4    ####...
 Blade Hands              Tmut           ###.......   67%         5    ######.


Dungeon Overview and Level Annotations

Branches:
Dungeon (2/12)

Altars:


Innate Abilities, Weirdness & Mutations

Your experience applies equally to all skills.
You have very sharp teeth.
Your uncanny sense of smell can sniff out nearby items.


Message History

a +0 short sword; a kobold corpse A gnoll comes into view.
It is wielding a +0 whip.
Some of the chunks of flesh in your inventory have rotted away.
A gnoll comes into view. It is wielding a +0 spear.
The gnoll shouts!
The gnoll hits you from afar with a +0 spear.
The gnoll hits you from afar with a +0 spear!
* * * LOW HITPOINT WARNING * * *
A dart slug comes into view.
The gnoll barely misses you.
You hit the gnoll.
The gnoll is lightly wounded.
The gnoll hits you with a +0 spear.
* * * LOW HITPOINT WARNING * * *
The gnoll hits you but does no damage. The gnoll closely misses you.
You hit the gnoll.
The gnoll is heavily wounded.
The gnoll hits you with a +0 spear.
You die...

#..........# #### .
........>...#
.##...........# ####
..#..#........# #..#
#.#..#........######..#
#?#..#............##..#
#<#..#........###....##
#.##.#...............#.
#.)...@g.......#####...
#....#..#........†#
###.#.
##.........)#..#>.#
#..... ###...##....#.#..#
#.....
#.../......#.....##.....
#..##..###.....##........
#.# #.w. .#..#..###......
#. #.###.......g #g.....
#####..#.........


You could see a gnoll.

Vanquished Creatures
  An adder (D:2)
  2 worms (D:2)
  3 dart slugs
  A leopard gecko (D:1)
  2 bats
  2 giant cockroaches
  4 goblins
  6 hobgoblins (D:1)
  2 jackals (D:2)
  9 kobolds
  3 frilled lizards
  A rat (D:1)
36 creatures vanquished.

Notes
Turn   | Place    | Note
-------+----------+-------------------------------------------
     0 | D:1      | Ebbett the Gnoll Transmuter began the quest for the Orb.
     0 | D:1      | Reached XP level 1. HP: 17/17 MP: 6/6
   327 | D:1      | Reached XP level 2. HP: 16/23 MP: 7/7
   940 | D:1      | Reached XP level 3. HP: 18/28 MP: 9/9
  1037 | D:1      | Reached skill level 5 in Spellcasting
  1516 | D:2      | Reached skill level 1 in Invocations
  1674 | D:2      | Reached skill level 1 in Short Blades
  1674 | D:2      | Reached skill level 1 in Long Blades
  1674 | D:2      | Reached skill level 1 in Axes
  1674 | D:2      | Reached skill level 1 in Maces & Flails
  1674 | D:2      | Reached skill level 1 in Polearms
  1674 | D:2      | Reached skill level 1 in Staves
  1674 | D:2      | Reached skill level 1 in Slings
  1674 | D:2      | Reached skill level 1 in Bows
  1674 | D:2      | Reached skill level 1 in Crossbows
  1674 | D:2      | Reached skill level 1 in Throwing
  1674 | D:2      | Reached skill level 1 in Armour
  1674 | D:2      | Reached skill level 1 in Stealth
  1674 | D:2      | Reached skill level 1 in Shields
  1674 | D:2      | Reached skill level 1 in Evocations
  1722 | D:2      | Reached XP level 4. HP: 4/34 MP: 9/11
  1850 | D:2      | HP: 1/34 [gnoll/+0 spear (6)]
  1853 | D:2      | Slain by a gnoll

Skill      XL: |  1  2  3 |
---------------+----------+-----
Spellcasting   | 5 |  5.0
Invocations    | 1 |  1.1
Short Blades   | 1 |  1.0
Long Blades    | 1 |  1.0
Axes           | 1 |  1.0
Maces & Flails | 1 |  1.0
Polearms       | 1 |  1.0
Staves         | 1 |  1.0
Slings         | 1 |  1.0
Bows           | 1 |  1.0
Crossbows      | 1 |  1.0
Throwing       | 1 |  1.0
Armour         | 1 |  1.0
Stealth        | 1 |  1.0
Shields        | 1 |  1.0
Evocations     | 1 |  1.0
Fighting       | |  2.7
Dodging        | |  4.6
Unarmed Combat | |  6.5
Conjurations   | |  0.7
Hexes          | |  0.7
Charms         | |  0.7
Summonings     | |  0.7
Necromancy     | |  0.7
Translocations | |  0.7
Transmutations | |  3.8
Fire Magic     | |  0.7
Ice Magic      | |  0.7
Air Magic      | |  0.7
Earth Magic    | |  0.7
Poison Magic   | |  0.7

Action                   |  1- 3 |  4- 6 || total
-------------------------+-------+-------++-------
Melee: Club              |    36 |       ||    36
       Unarmed           |     6 |       ||     6
       Headbutt          |     6 |     1 ||     7
       Bite              |    20 |       ||    20
       Punch             |     9 |       ||     9
       Dagger            |   117 |     7 ||   124
       Kick              |     1 |       ||     1
 Cast: Beastly Appendage |    11 |       ||    11
  Eat: Chunk             |     3 |       ||     3
Armor: Robe              |    31 |       ||    31
Dodge: Dodged            |   137 |     5 ||   142
